 Dungeon Crawl Stone Soup version 0.18.1-50-g88ac8fd (webtiles) character file.

16435 theElss the Thaumaturge (level 12, -4/81 HPs)
             Began as a High Elf Conjurer on Sept 23, 2016.
             Was a Priest of Vehumet.
             Slain by a human (6 damage)
             ... on level 11 of the Dungeon.
             The game lasted 01:01:30 (16290 turns).

theElss the Thaumaturge (High Elf Conjurer)        Turns: 16290, Time: 01:01:31

Health: -4/81      AC:  5    Str:  8    XL:     12   Next: 10%
Magic:  3/40       EV: 18    Int: 22    God:    Vehumet [***...]
Gold:   618        SH:  0    Dex: 18    Spells: 6 memorised, 22 levels left

rFire  + . .     SeeInvis .     N - +5 quarterstaff of Unreason {pain, *Corrode rElec rN+++}
rCold  + . .     Gourm    .     E - +0 leather armour
rNeg   + + +     Faith    .     (shield currently unavailable)
rPois  +         Spirit   .     (no helmet)
rElec  +         Dismiss  .     x - +0 cloak
rCorr  +         Reflect  .     (no gloves)
SustAt .         Harm     .     e - +0 pair of boots
MR     +....                    H - amulet of rage
Stlth  ++........               F - ring of magical power
                                p - ring of poison resistance

@: resistant, somewhat resistant to hostile enchantments, unstealthy
A: no striking features
a: Renounce Religion, Evoke Berserk Rage


You were on level 11 of the Dungeon.
You worshipped Vehumet.
Vehumet was most pleased with you.
You were not hungry.

You visited 2 branches of the dungeon, and saw 12 of its levels.

You collected 618 gold pieces.

Inventory:

Hand Weapons
 L - a +0 whip of electrocution
 N - the +5 quarterstaff of Unreason (weapon) {pain, *Corrode rElec rN+++}
   (You found it on level 7 of the Dungeon)

   In the hands of one skilled in necromantic magic, it inflicts extra damage on
   living creatures.
   It insulates you from electricity.
   It renders you almost immune to negative energy.
   It may corrode you when you take damage.
Armour
 e - a +0 pair of boots (worn)
 x - a +0 cloak (worn)
 E - a +0 leather armour (worn)
Jewellery
 p - a ring of poison resistance (left hand)
 y - an uncursed ring of fire
 C - a +3 ring of strength
 F - a ring of magical power (right hand)
 H - an amulet of rage (around neck)
 T - an uncursed ring of see invisible
Wands
 B - a wand of flame (14/48)
 D - a wand of lightning (5/15)
 I - a wand of disintegration (14/24)
 O - a wand of heal wounds (5/9)
 S - a wand of confusion (25/48)
 W - a wand of paralysis (10/24)
 Z - a wand of heal wounds (1/9)
Scrolls
 d - a scroll of enchant armour {unknown}
 g - 3 scrolls of magic mapping
 i - a scroll of random uselessness {unknown}
 j - 2 scrolls of teleportation {unknown}
 m - 3 scrolls of amnesia {unknown}
 r - 2 scrolls of remove curse
 u - a scroll of enchant weapon {unknown}
 w - 3 scrolls of blinking {unknown}
 K - a scroll of recharging {unknown}
 M - 2 scrolls of noise {unknown}
Potions
 f - a potion of haste
 h - a potion of invisibility
 k - 2 potions of mutation
 q - 3 potions of resistance
 s - 3 potions of brilliance
 t - a potion of lignification {unknown}
 v - 3 potions of might
 z - a potion of cure mutation {unknown}
 A - 2 potions of curing
 J - a potion of magic {unknown}
 P - a potion of cancellation {unknown}
 Q - a potion of agility {unknown}
 R - a potion of ambrosia {unknown}
 U - a potion of degeneration {unknown}
 Y - a potion of heal wounds {unknown}
Books
 b - a book of Conjurations

   Spells                             Type                      Level
   a - Magic Dart                     Conjuration                  1
   b - Searing Ray                    Conjuration                  2
   c - Dazzling Spray                 Conjuration/Hexes            3
   d - Fulminant Prism                Conjuration/Hexes            4
   e - Iskenderun's Mystic Blast      Conjuration                  4
   f - Iskenderun's Battlesphere      Conjuration/Charms           5
 n - a book of Transfigurations

   Spells                             Type                      Level
   a - Irradiate                      Conjuration/Transmutation    5
   b - Statue Form                    Transmutation/Earth          6
   c - Hydra Form                     Transmutation                6
   d - Dragon Form                    Transmutation                7
 G - a book of Death

   Spells                             Type                      Level
   a - Corpse Rot                     Necromancy                   2
   b - Sublimation of Blood           Necromancy                   2
   c - Agony                          Necromancy                   5
   d - Dispel Undead                  Necromancy                   5
   e - Excruciating Wounds            Charms/Necromancy            5
   f - Bolt of Draining               Conjuration/Necromancy       5
 V - a book of the Earth

   Spells                             Type                      Level
   a - Leda's Liquefaction            Hexes/Earth                  4
   b - Bolt of Magma                  Conjuration/Fire/Earth       5
   c - Statue Form                    Transmutation/Earth          6
   d - Iron Shot                      Conjuration/Earth            6
   e - Shatter                        Earth                        9
Comestibles
 a - 2 chunks of flesh
 c - 9 bread rations
 l - 9 beef jerkies
 o - 3 meat rations
 X - a slice of pizza


   Skills:
 * Level 7.5 Fighting
 * Level 8.7 Dodging
 - Level 2.1 Stealth
 * Level 14.6 Spellcasting
 + Level 11.2 Conjurations


You had 22 spell levels left.
You knew the following spells:

 Your Spells              Type           Power        Failure   Level  Hunger
a - Magic Dart            Conj           ####         1%          1    None
b - Iskenderun's Battles  Conj/Chrm      #####...     4%          5    ###....
c - Searing Ray           Conj           ######       1%          2    None
d - Iskenderun's Mystic   Conj           ######..     1%          4    None
e - Mephitic Cloud        Conj/Pois/Air  ####....     1%          3    None
f - Inner Flame           Hex/Fire       ###.....     4%          3    None


Dungeon Overview and Level Annotations

Branches:
Dungeon (11/15)            Temple (1/1) D:7            Lair (0/8) D:9
    Orc: D:9-12

Altars:
Ashenzari
Cheibriados
Dithmenos
Elyvilon
Fedhas
Gozag
Kikubaaqudgha
Makhleb
Nemelex Xobeh
Okawaru
Pakellas
Qazlal
Ru
Sif Muna
Trog
Vehumet
Xom
Yredelemnul
Zin
The Shining One

Shops:
D:6 [


Message History

Aiming: Iskenderun's Mystic Blast
Press: ? - help, Shift-Dir - straight line, f - deep elf mage
Aim: a deep elf mage, wielding an enchanted great mace The orb of energy hits the deep elf mage.
The deep elf mage is moderately wounded.
The orb of energy explodes!
The deep elf mage gestures wildly while chanting.
The deep elf mage blinks!
The deep elf mage gestures wildly while chanting.
The deep elf mage blinks!
The human hits you. The deep elf mage casts a spell at you.
The stone arrow hits you! The human hits you.
The deep elf mage points at you and mumbles some strange words.
The stone arrow hits you!
* * * LOW HITPOINT WARNING * * *
Unknown command.
Drink which item? (? for menu, Esc to quit)
You feel protected. The human hits you.
You die...

####### # #.....# ####.#
#.###.# #..#.# ## #...#.#
####.... ##. ####.#.# .....#
#.. #......######..###### #..
#...e......#........###.#
......#.####p..÷...####......
...##.##..##@#.#...# ###.#..
.. # ##)##......<# ##†### .
#p.######### #..... #†##
#..... ##.## #..... ##.#
#..... #.## ## ##.### ##.##.#
#.#.( ##.§.# #.#.#


You could see a human.

Vanquished Creatures
  Erolcha (D:8)
  The ghost of Rakdos the Nimble, a novice MiBe of Trog (D:10)
  Nergalle (D:10)
  Urug (D:10)
  2 unseen horrors
  5 hill giants
  Pikel (D:7)
  A cyclops (D:11)
  Maurice (D:8)
  Joseph (D:7)
  The ghost of WhiskeyPanda the Skirmisher, a novice GrMo of Dithmenos (D:5)
  2 trolls
  Sigmund (D:3)
  A vampire (D:8)
  The ghost of tyranidshit the Skirmisher, an amateur DDFi (D:4)
  A wyvern (D:8)
  6 yaks (D:11)
  2 humans (D:11)
  A wraith (D:10)
  Grum (D:8)
  A basilisk (D:11)
  2 hippogriffs
  Edmund (D:11)
  Duvessa (D:6)
  2 black bears
  5 orc warriors
  A slave (D:7)
  2 phantoms
  4 sky beasts
  2 ice beasts
  7 ogres
  3 wolves (D:8)
  2 centaurs
  7 big kobolds (D:8)
  2 giant frogs
  A wyvern zombie (D:8)
  Dowan (D:5)
  A water moccasin zombie (D:5)
  2 scorpions
  8 killer bees
  4 jellies
  4 wights (D:5)
  9 howler monkeys
  7 crimson imps
  5 hounds
  2 quasits
  5 orc priests
  Crazy Yiuf (D:3)
  3 centaur skeletons
  Ijyb (D:3)
  4 iguanas
  11 orc wizards
  4 worker ants
  3 sheep (D:11)
  2 hound zombies
  A hound skeleton (D:4)
  A worker ant zombie (D:8)
  10 adders
  11 gnolls
  2 shadow imps (D:6)
  2 oozes
  An adder skeleton (D:9)
  An adder zombie (D:6)
  2 worms
  3 dart slugs
  5 giant geckos
  41 orcs
  16 bats
  5 giant cockroaches
  12 goblins
  7 hobgoblins
  7 jackals
  15 kobolds
  5 quokkas
  A ball python (D:1)
  9 giant newts
  A quokka skeleton (D:9)
  8 rats
318 creatures vanquished.

Vanquished Creatures (others)
  2 slaves (D:7)
  An adder (D:7)
3 creatures vanquished.

Grand Total: 321 creatures vanquished

Notes
Turn   | Place    | Note
--------------------------------------------------------------
     0 | D:1      | theElss the High Elf Conjurer began the quest for the Orb.
     0 | D:1      | Reached XP level 1. HP: 11/11 MP: 4/4
   251 | D:1      | Reached XP level 2. HP: 18/18 MP: 3/6
   283 | D:1      | Learned a level 2 spell: Searing Ray
   310 | D:1      | Reached skill level 1 in Fighting
   501 | D:1      | Reached skill level 5 in Conjurations
   738 | D:1      | Reached XP level 3. HP: 23/23 MP: 5/7
  1329 | D:1      | Reached XP level 4. HP: 13/28 MP: 1/9
  1737 | D:2      | Reached skill level 3 in Spellcasting
  2333 | D:3      | Found an oddly glowing altar of Pakellas.
  2333 | D:3      | Noticed a rakshasa
  2363 | D:3      | Reached XP level 5. HP: 27/34 MP: 5/10
  2449 | D:3      | Noticed Ijyb
  2457 | D:3      | Killed Ijyb
  2520 | D:3      | Noticed Sigmund
  2822 | D:3      | Noticed Crazy Yiuf
  2828 | D:3      | Killed Crazy Yiuf
  3119 | D:4      | Reached skill level 4 in Spellcasting
  3265 | D:4      | Noticed an ogre
  3272 | D:4      | Noticed tyranidshit's ghost (amateur DDFi)
  3282 | D:5      | Entered Level 5 of the Dungeon
  3342 | D:5      | Noticed a phantom
  3359 | D:5      | Reached XP level 6. HP: 41/41 MP: 10/13
  3589 | D:5      | Reached skill level 5 in Spellcasting
  3640 | D:5      | Reached XP level 7. HP: 37/46 MP: 2/16
  4097 | D:5      | Noticed WhiskeyPanda's ghost (novice GrMo)
  4443 | D:5      | Reached skill level 6 in Spellcasting
  4737 | D:3      | Found an iron altar of Okawaru.
  5154 | D:5      | Reached XP level 8. HP: 52/52 MP: 9/19
  5383 | D:5      | Learned a level 5 spell: Iskenderun's Battlesphere
  5388 | D:5      | Learned a level 4 spell: Iskenderun's Mystic Blast
  5475 | D:5      | Reached skill level 7 in Spellcasting
  6172 | D:6      | Found Utatushay's Antique Armour Shoppe.
  6201 | D:6      | Reached skill level 5 in Dodging
  6293 | D:6      | Noticed Duvessa
  6294 | D:6      | Noticed Dowan
  6325 | D:6      | Killed Duvessa
  6325 | D:6      | Reached skill level 8 in Spellcasting
  6497 | D:5      | Killed Dowan
  6941 | D:6      | Reached XP level 9. HP: 30/58 MP: 4/22
  6944 | D:6      | Reached skill level 9 in Spellcasting
  7507 | D:6      | Found a glowing silver altar of Zin.
  7691 | D:7      | Found a staircase to the Ecumenical Temple.
  7700 | Temple   | Entered the Ecumenical Temple
  7752 | Temple   | Became a worshipper of Vehumet
  7837 | D:7      | Noticed Pikel
  7839 | D:7      | Killed Pikel
  8166 | D:7      | Reached skill level 10 in Spellcasting
  8197 | D:7      | Noticed Joseph
  8205 | D:7      | Killed Joseph
  8354 | D:7      | Got a dazzling quarterstaff
  8355 | D:7      | Identified the +5 quarterstaff of Unreason {pain, *Corrode rElec rN+++} (You found it on level 7 of the Dungeon)
  8409 | D:7      | Reached skill level 5 in Fighting
  9598 | D:8      | Reached XP level 10. HP: 62/66 MP: 25/25
  9614 | D:8      | Noticed Grum
  9617 | D:8      | Reached * piety under Vehumet
  9617 | D:8      | Offered knowledge of Sandblast by Vehumet.
  9622 | D:8      | Killed Grum
  9623 | D:8      | Reached skill level 11 in Spellcasting
  9851 | D:8      | Noticed Erolcha
  9854 | D:8      | Killed Erolcha
 10504 | D:8      | Noticed Maurice
 10514 | D:8      | Killed Maurice
 11190 | D:8      | Reached skill level 12 in Spellcasting
 11461 | D:9      | Reached ** piety under Vehumet
 11461 | D:9      | Offered knowledge of Shock by Vehumet.
 11679 | D:9      | Noticed a hill giant
 11685 | D:9      | Killed a hill giant
 11780 | D:9      | Found a staircase to the Lair.
 11841 | D:9      | Reached skill level 10 in Conjurations
 12210 | D:9      | Reached XP level 11. HP: 55/72 MP: 28/28
 12355 | D:9      | Found a white marble altar of Elyvilon.
 12508 | D:9      | Offered knowledge of Mephitic Cloud by Vehumet.
 12513 | D:9      | Learned a level 3 spell: Mephitic Cloud
 12727 | D:10     | Entered Level 10 of the Dungeon
 13209 | D:10     | Noticed Nergalle
 13427 | D:9      | Reached *** piety under Vehumet
 13645 | D:10     | Killed Nergalle
 13645 | D:10     | Reached skill level 13 in Spellcasting
 13791 | D:10     | Noticed an unseen horror
 13793 | D:10     | Killed an unseen horror
 13857 | D:10     | Noticed a hill giant
 13867 | D:10     | Killed a hill giant
 13974 | D:10     | Noticed Urug
 13978 | D:10     | Killed Urug
 14070 | D:10     | Noticed Rakdos's ghost (novice MiBe)
 14325 | D:3      | Killed Sigmund
 14409 | D:4      | Killed tyranidshit's ghost
 14786 | D:5      | Killed WhiskeyPanda's ghost
 15038 | D:10     | Killed Rakdos's ghost
 15153 | D:10     | Noticed a hill giant
 15157 | D:10     | Killed a hill giant
 15446 | D:11     | Noticed a hill giant
 15452 | D:11     | Killed a hill giant
 15452 | D:11     | Reached skill level 14 in Spellcasting
 15470 | D:11     | Noticed a hill giant
 15474 | D:11     | Killed a hill giant
 15474 | D:11     | Offered knowledge of Inner Flame by Vehumet.
 15574 | D:11     | Learned a level 3 spell: Inner Flame
 16054 | D:11     | Noticed an unseen horror
 16057 | D:11     | Killed an unseen horror
 16057 | D:11     | Reached XP level 12. HP: 59/81 MP: 29/31
 16233 | D:11     | Noticed Edmund
 16253 | D:11     | Killed Edmund
 16287 | D:11     | HP: 1/81 [deep elf mage/stone arrow (26)]
 16290 | D:11     | Slain by a human

Skill      XL: |  1  2  3  4  5  6  7  8  9 10 11 |
---------------+----------------------------------+-----
Fighting       | 1 2 3 4 5 6 7 |  7.5
Conjurations   | 5 6 7 8 10 11 | 11.2
Spellcasting   | 3 4 5 6 8 10 12 14 | 14.6
Dodging        | 3 4 5 7 8 |  8.7
Stealth        | |  2.1

Action                   |  1- 3 |  4- 6 |  7- 9 | 10-12 || total
-------------------------+-------+-------+-------+-------++-------
Melee: Dagger            |     7 |     6 |    11 |       ||    24
       Whip              |       |       |     1 |       ||     1
       Quarterstaff      |       |       |       |     8 ||     8
 Cast: Magic Dart        |    69 |    42 |   128 |   146 ||   385
       Searing Ray       |     4 |    19 |    45 |    45 ||   113
       Iskenderun's Myst |       |       |    44 |   153 ||   197
       Iskenderun's Batt |       |       |       |    24 ||    24
       Mephitic Cloud    |       |       |       |     1 ||     1
  Use: Scroll            |       |     4 |     3 |     4 ||    11
       Potion            |       |       |       |     1 ||     1
  Eat: Chunk             |     1 |     8 |    21 |    23 ||    53
Armor: Robe              |     1 |     5 |     4 |       ||    10
       Leather armour    |       |       |    19 |    19 ||    38
Dodge: Dodged            |    12 |    26 |    87 |   118 ||   243
